 Dungeon Crawl Stone Soup version 0.28.0 (webtiles) character file.

Game seed: 16475558880884972042

777 AmazingTV the Covered (level 7, -11/61 HPs)
             Began as a Minotaur Fighter on July 28, 2022.
             Mangled by a two-headed ogre (20 damage)
             ... on level 5 of the Dungeon.
             The game lasted 00:18:59 (4141 turns).

AmazingTV the Covered (Minotaur Fighter)            Turns: 4141, Time: 00:19:00

Health: -11/61     AC: 12    Str: 23    XL:     7   Next: 54%
Magic:  15/15      EV:  9    Int:  5    God:
Gold:   122        SH:  5    Dex:  9    Spells: 6/6 levels left

rFire   . . .      SeeInvis .   l - +0 mace (vorpal) {mace}
rCold   . . .      Faith    .   c - +0 buckler
rNeg    + . .      Spirit   .   b - +0 scale mail
rPois   +          Reflect  .   (helmet restricted)
rElec   .          Harm     .   e - +1 cloak
rCorr   .          Rampage  .   (no gloves)
Will    .....                   s - +1 pair of boots "Ebempom" {rPois rN+ MP+9}
Stlth   ..........              (no amulet)
HPRegen 0.20/turn               (no ring)
MPRegen 0.14/turn               (no ring)

@: about to teleport
A: horns 2, retaliatory headbutt
a: no special abilities


You were on level 5 of the Dungeon.
You visited 1 branch of the dungeon, and saw 6 of its levels.

You collected 216 gold pieces.
You spent 94 gold pieces at shops.


Innate Abilities, Weirdness & Mutations

You have a pair of horns on your head.
You reflexively headbutt those who attack you in melee.


   Skills:
 + Level 5.4 Fighting
 + Level 3.8(5.0) Axes
 + Level 4.8(5.4) Maces & Flails
 + Level 3.4 Slings
 + Level 5.5 Armour
 + Level 5.4 Shields


You had 6 spell levels left.
You didn't know any spells.
Your spell library contained the following spells:

 Spells                   Type           Power      Damage    Failure   Level
 Shock                    Conj/Air       0%         1d3       86%         1
 Swiftness                Air            0%         N/A       99%         3
 Airstrike                Air            0%         N/A       100%        4

Inventory:

Hand Weapons
 a - a +0 flail {mace}
 j - a +0 hunting sling {sling}
   (You found it on level 5 of the Dungeon)
 l - a +0 vorpal mace (weapon) {mace}
   (You found it on level 2 of the Dungeon)
 A - a +0 vampiric hand axe {axe}
   (You took it off an orc on level 4 of the Dungeon)
 B - a +0 battleaxe {axe}
   (You took it off Blork the orc on level 4 of the Dungeon)
Missiles
 g - 52 stones
 m - 30 bolts
 q - 4 javelins (quivered)
 t - 22 sling bullets
Armour
 b - a +0 scale mail (worn)
 c - a +0 buckler (worn)
 e - a +1 cloak (worn)
   (You found it on level 1 of the Dungeon)
 s - the +1 pair of boots "Ebempom" (worn) {rPois rN+ MP+9}
   (You found it on level 3 of the Dungeon)

   rPois:     It protects you from poison.
   rN:        It protects you from negative energy.
   MP:        It affects your magic capacity (+9).
 v - a +0 leather armour of fire resistance
   (You took it off an orc priest on level 3 of the Dungeon)
Scrolls
 h - a scroll of brand weapon {unknown}
 i - a scroll of teleportation {@r4}
 r - a scroll of fear {unknown}
 y - a scroll of amnesia {unknown}
 z - a scroll of magic mapping {unknown}
Potions
 d - a potion of might
 k - a potion of ambrosia {unknown}
 n - a potion of degeneration {unknown}
 o - 5 potions of curing {@q1}
 p - 3 potions of mutation {!q}
 w - a potion of resistance {unknown}
 x - a potion of lignification {unknown}

Dungeon Overview and Level Annotations

Branches:
Dungeon (6/15)             Temple (0/1) D:5

Altars:

Shops:
D:4

*[:
...######
...(.Zh@#
...####O#
#.# #.#
#.# #.#
#.## #(.#
####.###


You could see a two-headed ogre, a hound and a wyvern zombie.


Message History

Unknown command.
An orc comes into view. It is wielding a +0 war axe.
You throw a poisoned dart.
The poisoned dart hits the two-headed ogre.
The two-headed ogre is poisoned.
The orc shouts!
You throw a poisoned dart.
The poisoned dart barely misses the two-headed ogre.
Something hits you but does no damage.
The two-headed ogre hits you but does no damage.
You block the two-headed ogre's attack.
Really fire
f - a throwing net {=f!f}?
Uppercase [Y]es or [N]o only, please.
Really fire
f - a throwing net {=f!f}?
You throw a throwing net {=f!f}.
The throwing net {=f!f} hits the two-headed ogre.
The two-headed ogre is caught in the net!
Something hits you but does no damage.
The two-headed ogre struggles against the net.
You sock the two-headed ogre! Something hits you but does no damage.
The two-headed ogre struggles against the net.
Something hits you but does no damage.
The two-headed ogre struggles against the net.
You hit the two-headed ogre. The orc hits you but does no damage.
You block something's attack.
The two-headed ogre struggles against the net.
You hit the two-headed ogre.
The two-headed ogre looks more healthy.
You block the orc's attack. Something hits you but does no damage.
The two-headed ogre struggles against the net.
The net rips apart, and the two-headed ogre comes free!
You sock the two-headed ogre!
You headbutt the two-headed ogre, but do no damage.
You block the orc's attack. Something hits you but does no damage.
The two-headed ogre hits you with a +0 giant club.
The two-headed ogre barely misses you. 😕 HP[-5]
You take 5 damage, and now have 56/61 hp.
You hit the two-headed ogre. The orc hits you with a +0 war axe.
Something hits you but does no damage.
The two-headed ogre hits you with a +0 giant club.
You block the two-headed ogre's attack. 😕 HP[-4]
You take 4 damage, and now have 52/61 hp.
You thump the two-headed ogre! The orc hits you but does no damage.
Something hits you but does no damage. You block the two-headed ogre's attack.
The two-headed ogre closely misses you.
You barely miss the two-headed ogre. You headbutt the two-headed ogre.
The orc closely misses you. Something hits you.
The orc hits you but does no damage. Something hits you but does no damage.
The two-headed ogre hits you with a +0 giant club.
The two-headed ogre barely misses you. 😮 HP[-7]
You take 7 damage, and now have 45/61 hp.
You hit the two-headed ogre. You headbutt the two-headed ogre!
The orc closely misses you. Something hits you but does no damage.
The two-headed ogre hits you with a +0 giant club!
The two-headed ogre hits you but does no damage. 😮 HP[-14]
You take 14 damage, and now have 31/61 hp.
MASSIVE DAMAGE!! (PAUSE)
You hit the two-headed ogre. You headbutt the two-headed ogre.
The orc closely misses you. Something hits you but does no damage.
The two-headed ogre hits you with a +0 giant club!
* * * LOW HITPOINT WARNING * * *
The two-headed ogre hits you with a +0 giant club!!
* * * LOW HITPOINT WARNING * * *
😱 HP[-30]
You take 30 damage, and now have 1/61 hp.
MASSIVE DAMAGE!! (PAUSE) 😱 HP[+1]
You hear some strange, mumbled words.
Something tries to affect you, but you resist. 😱 HP[+1] 😱 HP[+1]
Things that are here:
a +0 flail {mace}; an orc corpse 😱 HP[+1] 😱 HP[+1] 😱 HP[+1]
You are too injured to fight recklessly!
Throw: 6 javelins
Press: ? - help, Q - select action, (/) - cycle Shift-Dir - straight line, f/p - two-headed ogre
Aim: a two-headed ogre, wielding two +0 giant clubs (severely wounded, 72% to hit)
You throw a javelin.
The javelin barely misses the two-headed ogre.
Throw: 5 javelins
Press: ? - help, Q - select action, (/) - cycle Shift-Dir - straight line, f/p - two-headed ogre
Aim: a two-headed ogre, wielding two +0 giant clubs (severely wounded, 72% to hit)
You throw a javelin.
The javelin pierces through the two-headed ogre but does no damage. 😱 HP[+1]
A hound comes into view.
A wyvern zombie comes into view.
As you read the scroll of teleportation {@r4}, it crumbles to dust.
You feel strangely unstable. The hound barely misses you. 😱 HP[+1]
You miss the hound. You headbutt the hound!
The two-headed ogre closely misses you.
The two-headed ogre hits you with a +0 giant club!!
You die...

Skill      XL: |  1  2  3  4  5  6 |
---------------+-------------------+-----
Slings         | 1 2 3 |  3.4
Axes           | 1 2 3 |  3.8
Shields        | 4 5 |  5.4
Fighting       | 4 5 |  5.4
Armour         | 4 5 |  5.5
Maces & Flails | 3 4 |  4.8

Action                   |  1- 3 |  4- 6 |  7- 9 || total
-------------------------+-------+-------+-------++-------
Melee: Flail             |    73 |       |       ||    73
       Headbutt          |    16 |    14 |    13 ||    43
       Mace              |    31 |   115 |    54 ||   200
Throw: Dart              |       |     3 |     3 ||     6
       Javelin           |       |     3 |     2 ||     5
       Throwing net      |       |       |     1 ||     1
  Use: Scroll            |       |       |     4 ||     4
Armor: Scale mail        |    55 |    65 |    41 ||   161
Dodge: Dodged            |    43 |    62 |    24 ||   129
Block: Buckler           |    22 |    29 |    14 ||    65

Levels and vault maps discovered:
D:1:      scummos_arrival_simple_fountains, layout_rooms, st_stairs_9
D:2:      layout_loops_corners, roderic_roman_lattice
D:3:      layout_loops_ring, hellmonk_ecumenical_altar_crossroads, uniq_jessica
D:4:      nicolae_cairo_tiling_very_big, layout_basic, serial_shops,
          nicolae_shop_trees, nicolae_shop_overgrown_old_shop, shop_fountains,
          uniq_blork_the_orc
D:5:      layout_loops_cross, lemuel_round_altar, minmay_temple_entry_grid
D:6:      layout_loops_cross, nzn_wu_jian_council_hall, lemuel_doored_altar,
          general_overflow_altar

Notes
Turn   | Place    | Note
-------+----------+-------------------------------------------
     0 | D:1      | AmazingTV the Minotaur Fighter began the quest for the Orb.
     0 | D:1      | Reached XP level 1. HP: 19/19 MP: 0/0
     0 | D:1      | magus.rc [v1.9.6]
    70 | D:1      | Reached XP level 2. HP: 26/27 MP: 1/1
   203 | D:1      | Reached skill level 1 in Slings
   340 | D:1      | Reached skill level 1 in Axes
   351 | D:1      | Reached XP level 3. HP: 27/33 MP: 2/2
   507 | D:1      | Reached skill level 4 in Shields
   754 | D:2      | Reached skill level 4 in Fighting
  1144 | D:2      | Reached skill level 4 in Armour
  1148 | D:2      | Reached skill level 3 in Maces & Flails
  1658 | D:3      | Reached XP level 4. HP: 40/40 MP: 3/3
  1719 | D:3      | Found a faded altar of an unknown god.
  1727 | D:3      | Identified the +1 pair of boots "Ebempom" {rPois rN+ MP+9}
  2041 | D:3      | Noticed Jessica
  2046 | D:3      | Killed Jessica
  2086 | D:3      | Reached skill level 2 in Axes
  2147 | D:3      | HP: 1/40 [orc priest/divine providence (8)]
  2149 | D:3      | Reached skill level 2 in Slings
  2149 | D:3      | Reached XP level 5. HP: 2/47 MP: 4/4
  2446 | D:3      | magus.rc [v1.9.6]
  2832 | D:4      | Found Akobip's Assorted Antiques.
  2840 | D:4      | Bought a scroll labelled LAPPIFODDEN for 25 gold pieces
  2840 | D:4      | Bought a bubbling blue potion for 22 gold pieces
  2840 | D:4      | Bought a bubbling cyan potion for 22 gold pieces
  2840 | D:4      | Bought a scroll labelled JIUHEA PIASIEFF for 25 gold pieces
  2864 | D:4      | Found Zodgh's Book Emporium.
  3059 | D:4      | Reached XP level 6. HP: 33/53 MP: 5/5
  3406 | D:4      | Reached skill level 4 in Maces & Flails
  3442 | D:4      | Noticed Blork the orc
  3447 | D:4      | Reached skill level 3 in Axes
  3449 | D:4      | Killed Blork the orc
  3450 | D:4      | Reached skill level 5 in Fighting
  3450 | D:4      | Reached skill level 5 in Armour
  3450 | D:4      | Reached skill level 5 in Shields
  3478 | D:4      | Reached skill level 3 in Slings
  3478 | D:4      | Reached XP level 7. HP: 54/61 MP: 6/6
  3583 | D:4      | Found Unaoveblatz's Antique Armour Shoppe.
  3826 | D:5      | Entered Level 5 of the Dungeon
  3955 | D:5      | You fall into a shaft and drop 1 floor!
  4077 | D:5      | Found a staircase to the Ecumenical Temple.
  4084 | D:5      | Noticed a two-headed ogre
  4104 | D:5      | HP: 1/61 [two-headed ogre (22)]
  4141 | D:5      | Mangled by a two-headed ogre

Vanquished Creatures
  A necrophage (D:5)
  A phantom (D:4)
  Blork the orc (D:4)
  A scorpion (D:4)
  A howler monkey (D:5)
  A jelly (D:6)
  2 hounds (D:5)
  A centaur skeleton (D:4)
  2 orc priests
  Jessica (D:3)
  An orc wizard (D:4)
  A hound skeleton (D:4)
  7 adders
  An adder skeleton (D:4)
  4 worms
  2 dart slugs
  16 orcs
  4 endoplasms
  3 giant cockroaches
  9 goblins
  7 hobgoblins
  11 jackals
  8 kobolds
  8 quokkas
  7 ball pythons
  5 bats
  4 frilled lizards
  5 rats
115 creatures vanquished.

Table legend:
 A = Non-vault XP
 B = Vault XP
 C = Vault XP percentage of total XP
 D = Non-vault monster count
 E = Vault monster count
 F = Vault count percentage of total count
                 A         B        C        D         E       F
            +---------+---------+-------+---------+---------+-------
      Total |     978 |     133 |  12.0 |     110 |       5 |   4.3
            +---------+---------+-------+---------+---------+-------
        D:1 |      52 |       5 |   8.8 |      31 |       3 |   8.8
        D:2 |      39 |       0 |   0.0 |      17 |       0 |   0.0
        D:3 |     103 |      37 |  26.4 |      18 |       1 |   5.3
        D:4 |     440 |      91 |  17.1 |      29 |       1 |   3.3
        D:5 |     299 |       0 |   0.0 |      14 |       0 |   0.0
        D:6 |      45 |       0 |   0.0 |       1 |       0 |   0.0
            +---------+---------+-------+---------+---------+-------

Illustrated notes

Table legend:
 A = Kills in this place as a percentage of kills in entire the game.
 B = Kills by you in this place as a percentage of kills by you in the entire game.
 C = Kills by friends in this place as a percentage of kills by friends in the entire game.
 D = Other kills in this place as a percentage of other kills in the entire game.
 E = Experience gained in this place as a percentage of experience gained in the entire game.
 F = Experience gained in this place divided by the number of levels of this place that you have seen.
                   A       B       C       D       E      F
               +-------+-------+-------+-------+-------+----------------------
         Total | 100.0 | 100.0 |   N/A |   N/A | 100.0 | 185.2
       Dungeon | 100.0 | 100.0 |   N/A |   N/A | 100.0 | 185.2
               +-------+-------+-------+-------+-------+----------------------

Table legend: (Time is in decaauts)
 A = Elapsed time spent in this place.
 B = Non-inter-level travel time spent in this place.
 C = Inter-level travel time spent in this place.
 D = Time resting spent in this place.
 E = Time spent auto-exploring this place.
 F = Levels seen in this place.
 G = Mean time per level.
                   A        B        C        D        E       F      G
               +--------+--------+--------+--------+--------+-----+--------+
         Total |   4210 |   4089 |    121 |    384 |   2969 |   6 |  701.7 |
       Dungeon |   4210 |   4089 |    121 |    384 |   2969 |   6 |  701.7 |
               +--------+--------+--------+--------+--------+-----+--------+

Top non-repeatable levels by time:
     D:3: 1173 daAuts
     D:4: 1079 daAuts
     D:2: 910 daAuts
     D:1: 721 daAuts
     D:5: 287 daAuts
     D:6: 37 daAuts
